Map: World of Sleepers LE

Players

wilk

  • Race: Terran Terran
  • League: Master
  • Spawn Location: 1:00

Mez - Winner!

  • Race: Terran Terran
  • League: Master
  • Spawn Location: 7:00

VOD

Have the link to the VOD?

Description

Time

  • Played on: Aug. 30, 2019, 4:05 p.m.
  • Length: 19:00
Show
View Real Time Build Order
Export as new Build Order

wilk Terran 

Build Orders: 2 Factory, Reaper Expand 

Get SALT Encoding   

  12  0:00  SCV  
  13  0:13  Supply Depot  
  13  0:18  SCV  
  14  0:30  SCV  
  15  0:36  Barracks  
  15  0:43  Refinery  
  15  0:44  SCV  
  16  0:56  SCV  
  17  1:08  SCV  
  18  1:22  Orbital Command  
  18  1:25  Reaper  
  19  1:38  Command Center  
  19  1:48  SCV, Refinery  
  20  2:12  SCV  
  20  2:13  Factory  
  21  2:18  Barracks Reactor  
  21  2:20  Supply Depot  
  21  2:27  SCV  
  22  2:39  SCV  
  23  2:51  SCV  
  23  2:55  Factory  
  23  2:56  Orbital Command  
  24  3:00  Refinery  
  24  3:03  SCV  
  25  3:19  SCV  
  26  3:21  Starport  
  26  3:22  SCV  
  26  3:26  Barracks Tech Lab  
  27  3:33  SCV  
  27  3:34  SCV, Engineering Bay  
  29  3:45  SCV  
  29  3:47  Hellion x2  
  33  4:00  Viking  
  35  4:08  Missile Turret  
  35  4:09  Hellion x2  
  39  4:10  Missile Turret  
  39  4:11  Barracks Reactor  
  39  4:12  Siege Tank  
  42  4:17  SCV x2  
  44  4:24  Supply Depot  
  44  4:28  Infernal Pre-Igniter  
  44  4:30  Hellion  
  46  4:46  Siege Tank  
  30  5:00  Hellion x2  
  30  5:02  SCV x2  
  34  5:12  Supply Depot  
  34  5:14  SCV x2  
  35  5:26  SCV x2  
  36  5:38  SCV  
  35  5:55  Siege Tank  
  35  5:56  Hellion x2  
  37  6:02  Supply Depot  
  35  6:17  Hellion x2  
  39  6:27  Siege Tank  
  42  6:33  Supply Depot  
  42  6:39  Hellion  
  44  6:42  Command Center  
  44  6:43  SCV x2  
  46  6:47  Viking  
  44  6:59  Viking  
  44  7:00  Siege Tank  
  50  7:01  Hellion  
  48  7:21  Viking  
  48  7:22  SCV  
  51  7:23  SCV  
  51  7:29  Viking  
  54  7:34  SCV  
  54  7:35  SCV  
  54  7:45  Siege Tank  
  54  7:46  Hellion x2  
  54  7:47  SCV  
  62  7:53  SCV, Viking  
  62  7:55  Refinery  
  65  7:59  SCV  
  66  8:05  SCV  
  66  8:07  Hellion  
  66  8:08  Hellion  
  66  8:11  Viking  
  71  8:23  Viking  
  71  8:26  Siege Tank  
  76  8:32  Factory  
  76  8:34  SCV  
  76  8:36  Supply Depot  
  77  8:51  Barracks Reactor  
  77  8:54  Starport  
  77  8:57  Viking  
  77  8:58  SCV, Hellion x2  
  77  9:02  Supply Depot  
  84  9:05  Siege Tank  
  87  9:10  Orbital Command  
  77  9:36  Hellion x2  
  77  9:37  Siege Tank, SCV x2  
  86  9:43  Refinery  
  86  9:46  SCV  
  86  9:49  Factory Tech Lab, SCV x2  
  89  9:58  Supply Depot  
  89  9:59  SCV  
  90  10:01  SCV x2  
  92  10:09  Siege Tank  
  92  10:11  SCV, Sensor Tower  
  92  10:12  Missile Turret  
  92  10:13  SCV x2  
  98  10:19  Armory  
  98  10:22  Armory  
  98  10:23  SCV, Armory  
  98  10:25  SCV x2  
  98  10:26  Refinery  
  101  10:28  Siege Tank  
  101  10:29  Hellion  
  101  10:35  SCV  
  107  10:37  SCV x2  
  109  10:50  Missile Turret  
  109  10:57  Supply Depot  
  109  11:00  Supply Depot  
  109  11:01  Siege Tank, Viking  
  109  11:02  Hellion  
  116  11:07  Missile Turret  
  116  11:08  SCV, Missile Turret  
  117  11:14  Terran Vehicle Weapons Level 1  
  117  11:16  Terran Ship Weapons Level 1  
  117  11:18  Siege Tank, SCV, Hellion, Viking  
  125  11:21  SCV  
  125  11:22  SCV  
  127  11:27  Viking  
  127  11:30  SCV  
  130  11:33  SCV  
  130  11:35  SCV  
  130  11:39  Missile Turret  
  132  11:41  Supply Depot  
  132  11:42  SCV  
  132  11:44  Supply Depot  
  133  11:54  Sensor Tower  
  133  12:03  Siege Tank x2, SCV x2  
  141  12:09  Starport  
  141  12:10  Starport  
  141  12:14  Command Center  
  141  12:16  Fusion Core  
  141  12:31  Starport  
  141  12:33  Starport  
  141  12:35  Siege Tank  
  141  12:36  Command Center  
  144  12:54  Terran Vehicle And Ship Armor Level 1  
  144  12:56  Starport Tech Lab x2  
  144  13:06  Weapon Refit  
  144  13:09  Starport Tech Lab  
  144  13:10  Starport Tech Lab  
  144  13:13  Supply Depot  
  144  13:14  Terran Vehicle Weapons Level 2, Terran Ship Weapons Level 2  
  144  13:24  Missile Turret  
  144  13:26  Orbital Command  
  144  13:34  Viking x2  
  144  13:35  Viking x6  
  149  14:04  Viking x3  
  149  14:05  Viking x5  
  153  14:20  Missile Turret  
  153  14:23  Missile Turret  
  153  14:24  Missile Turret  
  153  14:25  Hi-Sec Auto Tracking  
  153  14:34  Viking, Missile Turret  
  153  14:35  Missile Turret  
  155  14:42  Siege Tank, Viking x3  
  164  14:53  Supply Depot, Terran Vehicle And Ship Armor Level 2  
  164  14:55  Supply Depot  
  164  14:57  Supply Depot  
  164  15:15  Siege Tank, Hellion x2  
  164  15:16  Siege Tank, Viking x3  
  168  15:38  Viking x2  
  172  15:47  Siege Tank  
  172  15:48  Siege Tank  
  115  16:10  Viking x2  
  115  16:11  Viking x3  
  119  16:19  Siege Tank  
  119  16:37  Orbital Command  
  119  16:42  Sensor Tower  
  119  16:47  Missile Turret  
  119  16:49  Missile Turret  
  119  16:50  Siege Tank, Viking x2  
  125  16:54  Missile Turret  
  125  16:55  Missile Turret x2  
  125  17:16  Unknown  
  125  17:20  Missile Turret  
  125  17:22  Battlecruiser  
  131  17:23  Command Center  
  131  17:24  Viking, Missile Turret  
  133  17:35  Supply Depot  
  133  17:41  Missile Turret  
  133  17:48  Sensor Tower  
  86  18:08  Siege Tank x2, Missile Turret  
  86  18:11  Orbital Command  
  82  18:20  Viking x2  
  82  18:22  Viking  
Show
View Real Time Build Order
Export as new Build Order

Mez Terran - Winner!

Build Orders: Gas First Reaper Expand, Hellion Opening 

Get SALT Encoding   

  12  0:00  SCV  
  13  0:12  SCV  
  14  0:17  Supply Depot  
  14  0:25  SCV  
  14  0:27  Refinery  
  16  0:45  SCV  
  16  0:46  Barracks  
  16  0:57  SCV  
  17  1:09  SCV  
  18  1:22  SCV  
  19  1:34  Orbital Command, Reaper  
  20  1:47  Command Center  
  20  2:02  Factory  
  20  2:03  SCV  
  20  2:15  SCV, Barracks Reactor  
  21  2:18  Supply Depot  
  21  2:31  SCV  
  21  2:32  Refinery  
  22  2:44  SCV  
  23  2:47  Starport  
  23  2:56  SCV  
  23  2:57  Hellion x2  
  23  2:58  Barracks Tech Lab  
  28  3:08  Orbital Command  
  28  3:19  Hellion  
  31  3:21  Hellion  
  31  3:22  Marauder  
  31  3:25  Concussive Shells  
  34  3:31  Medivac  
  34  3:34  SCV  
  37  3:36  SCV  
  38  3:48  Marauder  
  40  3:49  Hellion  
  40  3:50  Hellion  
  40  3:52  SCV  
  40  3:53  SCV  
  46  4:04  Supply Depot  
  46  4:11  SCV x2  
  48  4:19  Viking  
  48  4:23  Marine x2  
  48  4:24  SCV x2  
  54  4:27  Cyclone, Supply Depot  
  51  4:58  Marine x2, Starport Tech Lab  
  51  4:59  Siege Tank  
  49  5:08  SCV  
  49  5:09  SCV  
  49  5:13  Command Center  
  51  5:16  Marine x2  
  53  5:22  SCV x2  
  53  5:24  Raven  
  53  5:28  Barracks  
  55  5:29  Barracks  
  49  5:52  SCV x2  
  49  5:54  Siege Tank  
  55  6:01  Supply Depot  
  55  6:03  Refinery  
  55  6:04  SCV x2, Refinery  
  55  6:16  SCV x2  
  57  6:26  Viking x2  
  57  6:28  SCV, Barracks Reactor x2  
  57  6:29  SCV  
  57  6:31  Orbital Command  
  59  6:37  Stimpack  
  59  6:40  SCV  
  59  6:41  SCV  
  59  6:45  Supply Depot  
  61  6:53  SCV x2  
  60  6:58  Siege Tank  
  60  6:59  Viking  
  60  7:00  Marine  
  65  7:05  SCV x2, Engineering Bay  
  65  7:07  Engineering Bay  
  67  7:12  Supply Depot  
  67  7:16  Orbital Command  
  67  7:19  Marine x5  
  67  7:21  Supply Depot  
  69  7:24  Medivac  
  69  7:28  SCV x2  
  69  7:29  Medivac  
  75  7:37  Marine x2  
  75  7:42  Marine x3  
  80  7:47  Siege Tank  
  80  7:50  Barracks, SCV x2  
  85  7:51  SCV, Barracks  
  85  7:54  Marine, Terran Infantry Weapons Level 1  
  85  7:55  Marine  
  88  8:00  Marine  
  88  8:02  SCV, Medivac x2  
  92  8:15  SCV x2  
  92  8:19  Marine x4  
  93  8:20  Marine  
  93  8:22  SCV  
  93  8:26  Refinery x2  
  96  8:30  Combat Shield  
  96  8:36  Siege Tank, Command Center, Armory  
  96  8:37  Marine x2  
  101  8:44  Medivac x2  
  101  8:45  Barracks Tech Lab  
  105  8:51  Barracks  
  105  8:53  Barracks  
  105  8:54  Barracks  
  105  8:58  Marine  
  105  8:59  Marine x2, Marauder, Barracks Tech Lab  
  105  9:00  Marine  
  105  9:01  SCV x3  
  114  9:13  SCV x3  
  114  9:16  Marine  
  116  9:20  Marauder  
  107  9:25  SCV x2  
  107  9:31  Marine x3, Marauder x2  
  100  9:32  Viking x2  
  100  9:34  Marine  
  100  9:36  Terran Infantry Armor Level 1  
  100  9:37  Starport  
  101  9:38  Supply Depot  
  101  9:39  Starport  
  101  9:41  Marauder  
  103  9:47  Siege Tank, Barracks Tech Lab  
  103  9:48  Barracks Tech Lab  
  103  9:49  Barracks Tech Lab  
  103  9:52  Marauder  
  108  9:53  Planetary Fortress  
  108  9:54  Unknown  
  108  9:55  SCV x3  
  111  10:05  Viking x2  
  115  10:11  SCV x2  
  117  10:23  Command Center  
  117  10:24  Marauder x2  
  117  10:25  Marine x3, Marauder x4  
  132  10:29  Supply Depot x2  
  132  10:30  Supply Depot  
  132  10:42  Siege Tank, Viking x2  
  134  10:44  Starport Reactor, Starport Tech Lab  
  134  10:46  Marauder  
  134  10:49  Fusion Core  
  140  10:50  Marine x2  
  140  10:51  Marine, Marauder x5  
  140  10:54  Supply Depot  
  140  10:55  Supply Depot x2  
  153  11:07  Marauder  
  155  11:12  Marauder  
  155  11:14  Marine, Marauder x3  
  155  11:15  Marine  
  155  11:16  Marauder, Viking x2  
  155  11:17  Viking  
  173  11:28  Viking x2  
  173  11:32  Terran Infantry Weapons Level 2  
  177  11:33  Terran Infantry Armor Level 2  
  177  11:38  Refinery  
  177  11:40  Orbital Command  
  177  11:45  Viking  
  179  11:47  Advanced Ballistics  
  181  11:54  Marauder x3  
  181  11:55  Marauder  
  181  11:57  Refinery  
  181  11:58  Siege Tank  
  190  12:04  Liberator x3  
  199  12:32  Command Center  
  199  12:33  Command Center  
  199  12:57  Terran Ship Weapons Level 1  
  199  13:20  Command Center  
  199  13:29  Command Center  
  194  13:52  Viking  
  194  13:54  Liberator x2  
  194  13:55  Liberator x2  
  200  14:17  Orbital Command  
  200  14:18  Orbital Command  
  200  14:32  Unknown  
  200  14:33  Starport  
  200  14:35  Starport  
  200  14:38  Starport  
  200  14:40  Starport  
  200  14:45  Terran Infantry Weapons Level 3  
  200  14:46  Terran Infantry Armor Level 3  
  200  14:56  Planetary Fortress  
  200  15:14  Starport Reactor x3  
  200  15:16  Starport Reactor  
  200  15:19  Thor  
  184  15:39  Viking x3  
  184  15:40  Viking x2  
  132  15:58  Marine x2, Marauder x6  
  132  15:59  Viking x8  
  146  16:09  Viking  
  144  16:12  Siege Tank  
  144  16:15  Liberator x7  
  144  16:16  Liberator  
  145  16:19  Marauder x2  
  143  16:30  Command Center, Marauder x4  
  172  16:44  Siege Tank  
  175  16:48  Command Center  
  175  17:05  Marauder x2  
  175  17:06  Marauder x4  
  190  17:38  Refinery  
  190  17:39  Siege Tank  
  190  17:40  Refinery  
  190  17:41  Refinery  
  190  17:42  Marauder x2  
  190  17:43  Refinery  
Tags
 
Add a new tag
Caveats
  • Supply blocks, unpowered buildings, or Contaminate may cause inaccurate times.
  • Supply counts are checked every 10 seconds.